[ AOE2 MATCH · #508027578 ]
UnrankedMongols vs Vietnamese
Player's team · WIN
Rival team · LOSS
[ REPLAY ANALYSIS · EXTRACTED FROM THE RECORDED GAME ]
Feudal
8:50
Castle
23:57
Imperial
35:00
| APM avg | 49.3 |
| APM peak | 88 |
| eAPM avg | 28.0 |
| Villagers / military | 121 / 33 |
Focus
⚔️ 33.4% · 🌾 66.6%
Skirmisher ×15 · Archer ×11 · Militia ×3 · Mangonel ×3 · Monk ×1
Feudal
10:46
Castle
15:00
Imperial
—
| APM avg | 40.6 |
| APM peak | 70 |
| eAPM avg | 20.4 |
| Villagers / military | 84 / 18 |
Focus
⚔️ 37.5% · 🌾 62.5%
Rattan Archer ×10 · Monk ×3 · Mangonel ×3 · Battering Ram ×2
Match map
Initial resources + every placement click. Lines = walls · curves = elevation contours. ◆ gold · ⬟ stone · ● berries · ✦ relic · ◌ wall gap
Your base· ✓ Closed at 23:57 · 0t walls · 5 gate(s)
NachoMontes's base· ✓ Closed at 15:00 · 22t walls · 3 gate(s)
Smoothed initial terrain · ◌ = detected wall gap · hover for details
Inputs per minute
— LVA - 厚塔色 - - NachoMontes
Build order — LVA - 厚塔色
First 150 of 258 actions detected
| 0:00 | Queue | Villager (Male) |
| 0:00 | Queue | Villager (Male) |
| 0:02 | Build | House |
| 0:02 | Build | House |
| 0:08 | Queue | Villager (Male) |
| 0:09 | Queue | Villager (Male) |
| 1:26 | Queue | Villager (Male) |
| 1:54 | Queue | Villager (Male) |
| 1:57 | Build | Lumber Camp |
| 2:06 | Queue | Villager (Male) |
| 2:31 | Queue | Villager (Male) |
| 2:56 | Queue | Villager (Male) |
| 2:57 | Queue | Villager (Male) |
| 3:34 | Queue | Villager (Male) |
| 3:48 | Build | House |
| 3:51 | Queue | Villager (Male) |
| 4:21 | Queue | Villager (Male) |
| 4:21 | Queue | Villager (Male) |
| 4:24 | Build | Mill |
| 4:29 | Queue | Villager (Male) |
| 4:29 | Queue | Villager (Male) |
| 5:10 | Build | House |
| 5:16 | Queue | Villager (Male) |
| 5:17 | Queue | Villager (Male) |
| 5:18 | Queue | Villager (Male) |
| 5:18 | Queue | Villager (Male) |
| 5:32 | Queue | Villager (Male) |
| 5:37 | Queue | Villager (Male) |
| 5:49 | Queue | Villager (Male) |
| 5:58 | Queue | Villager (Male) |
| 6:10 | Queue | Villager (Male) |
| 6:11 | Queue | Villager (Male) |
| 6:11 | Queue | Villager (Male) |
| 6:17 | Research | Loom |
| 6:21 | Build | Barracks |
| 6:28 | Research | Feudal Age |
| 7:11 | Research | Loom |
| 7:11 | Research | Loom |
| 7:28 | Queue | Militia |
| 7:28 | Queue | Militia |
| 7:33 | Queue | Villager (Male) |
| 7:38 | Build | Mining Camp |
| 7:52 | Queue | Villager (Male) |
| 8:10 | Queue | Villager (Male) |
| 8:23 | Build | House |
| 8:43 | Queue | Militia |
| 8:50 | Age | Feudal Age |
| 9:12 | Build | Watch Tower |
| 9:16 | Queue | Villager (Male) |
| 9:25 | Research | Double-Bit Axe |
| 9:26 | Queue | Villager (Male) |
| 9:38 | Build | Watch Tower |
| 9:49 | Queue | Villager (Male) |
| 9:57 | Queue | Villager (Male) |
| 10:25 | Queue | Villager (Male) |
| 10:25 | Queue | Villager (Male) |
| 10:50 | Queue | Villager (Male) |
| 11:10 | Build | Watch Tower |
| 11:20 | Queue | Villager (Male) |
| 11:24 | Queue | Villager (Male) |
| 11:33 | Build | Blacksmith |
| 11:36 | Build | Farm |
| 12:04 | Queue | Villager (Male) |
| 12:15 | Research | Fletching |
| 12:15 | Research | Fletching |
| 12:17 | Build | House |
| 12:25 | Queue | Villager (Male) |
| 12:27 | Build | Farm |
| 12:27 | Build | Farm |
| 12:38 | Research | Town Watch |
| 12:38 | Research | Town Watch |
| 12:42 | Build | Farm |
| 12:49 | Build | House |
| 13:05 | Queue | Villager (Male) |
| 13:05 | Queue | Villager (Male) |
| 13:15 | Queue | Villager (Male) |
| 13:15 | Queue | Villager (Male) |
| 13:38 | Queue | Villager (Male) |
| 13:40 | Build | Farm |
| 13:59 | Queue | Villager (Male) |
| 14:00 | Queue | Villager (Male) |
| 14:15 | Queue | Villager (Male) |
| 14:57 | Queue | Villager (Male) |
| 15:15 | Queue | Villager (Male) |
| 15:16 | Queue | Villager (Male) |
| 15:35 | Queue | Villager (Male) |
| 16:04 | Queue | Villager (Male) |
| 16:20 | Queue | Villager (Male) |
| 16:23 | Queue | Villager (Male) |
| 16:30 | Build | House |
| 16:46 | Queue | Villager (Male) |
| 16:46 | Queue | Villager (Male) |
| 16:59 | Research | Man-at-Arms (upgrade) |
| 17:11 | Queue | Villager (Male) |
| 17:11 | Queue | Villager (Male) |
| 17:18 | Queue | Villager (Male) |
| 17:41 | Queue | Villager (Male) |
| 17:45 | Build | Farm |
| 17:45 | Build | Farm |
| 17:45 | Build | Farm |
| 17:46 | Build | Farm |
| 17:46 | Build | Farm |
| 17:49 | Research | Horse Collar |
| 17:56 | Build | Farm |
| 17:56 | Build | Farm |
| 17:56 | Build | Farm |
| 18:10 | Queue | Villager (Male) |
| 18:27 | Queue | Villager (Male) |
| 18:29 | Build | Mining Camp |
| 18:59 | Queue | Villager (Male) |
| 18:59 | Queue | Villager (Male) |
| 19:10 | Build | Watch Tower |
| 19:23 | Build | Watch Tower |
| 19:32 | Queue | Villager (Male) |
| 19:36 | Research | Wheelbarrow |
| 19:36 | Research | Wheelbarrow |
| 19:36 | Queue | Villager (Male) |
| 19:37 | Queue | Villager (Male) |
| 19:39 | Build | Market |
| 19:51 | Build | Farm |
| 20:14 | Queue | Villager (Male) |
| 20:46 | Build | Watch Tower |
| 20:48 | Queue | Villager (Male) |
| 21:17 | Research | Castle Age |
| 21:30 | Research | Gold Mining |
| 21:57 | Build | Gate |
| 22:13 | Queue | Villager (Male) |
| 22:13 | Queue | Villager (Male) |
| 22:29 | Build | Watch Tower |
| 22:32 | Queue | Villager (Male) |
| 22:34 | Build | Farm |
| 22:36 | Queue | Villager (Male) |
| 22:36 | Queue | Villager (Male) |
| 22:46 | Queue | Villager (Male) |
| 23:09 | Build | Gate |
| 23:19 | Queue | Villager (Male) |
| 23:23 | Build | House |
| 23:54 | Build | Watch Tower |
| 23:55 | Queue | Villager (Male) |
| 23:57 | Age | Castle Age |
| 23:58 | Build | Archery Range |
| 24:04 | Research | Bow Saw |
| 24:04 | Research | Heavy Plow |
| 24:07 | Queue | Villager (Male) |
| 24:22 | Research | Bodkin Arrow |
| 24:22 | Research | Bodkin Arrow |
| 24:23 | Queue | Villager (Male) |
| 24:27 | Build | Lumber Camp |
| 24:29 | Build | Lumber Camp |
| 24:49 | Queue | Villager (Male) |
Build order — NachoMontes
First 150 of 190 actions detected
| 0:00 | Queue | Villager (Male) |
| 0:02 | Build | House |
| 0:05 | Build | House |
| 0:09 | Queue | Villager (Male) |
| 0:11 | Queue | Villager (Male) |
| 0:13 | Queue | Villager (Male) |
| 1:24 | Queue | Villager (Male) |
| 1:49 | Queue | Villager (Male) |
| 2:05 | Build | Lumber Camp |
| 2:25 | Queue | Villager (Male) |
| 2:52 | Queue | Villager (Male) |
| 3:11 | Queue | Villager (Male) |
| 3:26 | Build | House |
| 3:27 | Build | House |
| 3:46 | Queue | Villager (Male) |
| 4:04 | Queue | Villager (Male) |
| 4:31 | Queue | Villager (Male) |
| 4:53 | Queue | Villager (Male) |
| 5:04 | Queue | Villager (Male) |
| 5:31 | Build | Mill |
| 5:40 | Queue | Villager (Male) |
| 5:46 | Queue | Villager (Male) |
| 6:56 | Queue | Villager (Male) |
| 6:56 | Queue | Villager (Male) |
| 7:25 | Build | Mining Camp |
| 7:38 | Queue | Villager (Male) |
| 7:49 | Build | Farm |
| 8:01 | Queue | Villager (Male) |
| 8:15 | Research | Feudal Age |
| 9:44 | Research | Loom |
| 9:49 | Build | Palisade Wall |
| 9:53 | Build | Palisade Wall |
| 10:08 | Build | Palisade Wall |
| 10:21 | Queue | Villager (Male) |
| 10:46 | Age | Feudal Age |
| 10:49 | Build | Mining Camp |
| 10:50 | Queue | Villager (Male) |
| 10:55 | Build | House |
| 10:58 | Build | Market |
| 11:08 | Build | Blacksmith |
| 11:20 | Build | Watch Tower |
| 12:12 | Build | House |
| 12:20 | Research | Castle Age |
| 12:46 | Build | Palisade Wall |
| 12:47 | Build | Palisade Wall |
| 12:48 | Queue | Villager (Male) |
| 13:07 | Queue | Villager (Male) |
| 13:23 | Queue | Villager (Male) |
| 13:30 | Build | Farm |
| 13:31 | Build | Farm |
| 13:37 | Research | Horse Collar |
| 13:38 | Queue | Villager (Male) |
| 13:41 | Queue | Villager (Male) |
| 14:15 | Build | Mining Camp |
| 14:17 | Queue | Villager (Male) |
| 14:40 | Build | Palisade Wall |
| 14:49 | Queue | Villager (Male) |
| 14:53 | Build | Palisade Wall |
| 14:56 | Build | House |
| 14:58 | Build | Palisade Wall |
| 15:00 | Build | Palisade Wall |
| 15:00 | Age | Castle Age |
| 15:03 | Build | Palisade Wall |
| 15:26 | Build | Siege Workshop |
| 15:44 | Queue | Villager (Male) |
| 16:16 | Queue | Villager (Male) |
| 16:42 | Queue | Battering Ram |
| 17:34 | Build | Palisade Gate |
| 17:58 | Build | Farm |
| 18:00 | Build | Farm |
| 18:02 | Queue | Villager (Male) |
| 18:02 | Queue | Villager (Male) |
| 18:30 | Build | Farm |
| 18:52 | Build | Palisade Wall |
| 18:59 | Queue | Villager (Male) |
| 19:31 | Queue | Villager (Male) |
| 19:34 | Build | House |
| 19:57 | Build | Palisade Wall |
| 19:59 | Build | Palisade Wall |
| 20:00 | Build | Palisade Wall |
| 20:03 | Queue | Villager (Male) |
| 20:30 | Queue | Villager (Male) |
| 20:55 | Queue | Villager (Male) |
| 21:06 | Build | Farm |
| 21:24 | Queue | Villager (Male) |
| 21:31 | Build | Farm |
| 21:32 | Build | Farm |
| 21:50 | Queue | Villager (Male) |
| 21:54 | Build | Palisade Gate |
| 22:09 | Build | Palisade Gate |
| 22:15 | Queue | Villager (Male) |
| 22:28 | Queue | Villager (Male) |
| 22:44 | Queue | Villager (Male) |
| 22:48 | Queue | Villager (Male) |
| 23:07 | Build | House |
| 23:09 | Build | House |
| 23:10 | Build | House |
| 23:11 | Queue | Villager (Male) |
| 23:21 | Build | Castle |
| 23:23 | Queue | Villager (Male) |
| 23:31 | Build | Farm |
| 23:40 | Build | Palisade Wall |
| 23:41 | Queue | Villager (Male) |
| 23:59 | Build | Palisade Gate |
| 24:03 | Build | Farm |
| 24:03 | Queue | Villager (Male) |
| 24:33 | Build | Monastery |
| 24:34 | Queue | Villager (Male) |
| 25:00 | Queue | Villager (Male) |
| 25:12 | Queue | Rattan Archer |
| 25:12 | Queue | Rattan Archer |
| 25:34 | Build | Mining Camp |
| 25:36 | Queue | Monk |
| 25:38 | Queue | Villager (Male) |
| 26:13 | Build | Outpost |
| 26:15 | Queue | Villager (Male) |
| 26:32 | Build | Farm |
| 26:37 | Queue | Villager (Male) |
| 27:00 | Queue | Villager (Male) |
| 27:19 | Queue | Battering Ram |
| 27:22 | Build | Farm |
| 27:28 | Build | Farm |
| 27:31 | Queue | Villager (Male) |
| 27:37 | Queue | Villager (Male) |
| 27:56 | Build | Farm |
| 27:57 | Queue | Villager (Male) |
| 28:13 | Queue | Mangonel |
| 28:16 | Queue | Villager (Male) |
| 28:40 | Build | Town Center |
| 28:44 | Queue | Villager (Male) |
| 29:02 | Research | Fletching |
| 29:03 | Queue | Villager (Male) |
| 29:16 | Queue | Villager (Male) |
| 29:30 | Queue | Villager (Male) |
| 29:43 | Queue | Villager (Male) |
| 29:48 | Build | Farm |
| 30:04 | Queue | Villager (Male) |
| 30:12 | Build | Town Center |
| 30:19 | Queue | Villager (Male) |
| 30:19 | Queue | Villager (Male) |
| 30:28 | Queue | Monk |
| 30:37 | Build | Farm |
| 30:41 | Research | Double-Bit Axe |
| 30:44 | Queue | Villager (Male) |
| 30:51 | Queue | Villager (Male) |
| 30:54 | Queue | Mangonel |
| 31:13 | Build | Farm |
| 31:17 | Queue | Villager (Male) |
| 31:18 | Build | Farm |
| 31:20 | Build | Farm |
Match timeline
| 6:21 | LVA - 厚塔色 · first_building Barracks |
| 8:50 | LVA - 厚塔色 · age_up feudal |
| 9:49 | NachoMontes · wall_segment Palisade Wall x4 |
| 9:53 | NachoMontes · wall_segment Palisade Wall x8 |
| 10:08 | NachoMontes · wall_segment Palisade Wall x4 |
| 10:46 | NachoMontes · age_up feudal |
| 12:46 | NachoMontes · wall_segment Palisade Wall x1 |
| 12:47 | NachoMontes · wall_segment Palisade Wall x1 |
| 14:40 | NachoMontes · wall_segment Palisade Wall x1 |
| 14:53 | NachoMontes · wall_segment Palisade Wall x1 |
| 14:58 | NachoMontes · wall_segment Palisade Wall x1 |
| 15:00 | NachoMontes · wall_segment Palisade Wall x1 |
| 15:00 | NachoMontes · age_up castle |
| 15:03 | NachoMontes · wall_segment Palisade Wall x4 |
| 15:24 | NachoMontes · first_market_buy 100 wood |
| 15:26 | NachoMontes · first_building Siege Workshop |
| 18:52 | NachoMontes · wall_segment Palisade Wall x1 |
| 19:57 | NachoMontes · wall_segment Palisade Wall x1 |
| 19:59 | NachoMontes · wall_segment Palisade Wall x1 |
| 20:00 | NachoMontes · wall_segment Palisade Wall x1 |
| 20:54 | LVA - 厚塔色 · first_market_sell 100 wood |
| 20:55 | LVA - 厚塔色 · first_market_buy 100 food |
| 23:21 | NachoMontes · first_building Castle |
| 23:40 | NachoMontes · wall_segment Palisade Wall x5 |
| 23:57 | LVA - 厚塔色 · age_up castle |
| 23:58 | LVA - 厚塔色 · first_building Archery Range |
| 24:33 | NachoMontes · first_building Monastery |
| 25:10 | LVA - 厚塔色 · wall_segment Stone Wall x3 |
| 25:10 | LVA - 厚塔色 · wall_segment Stone Wall x1 |
| 25:11 | LVA - 厚塔色 · wall_segment Stone Wall x1 |
| 25:11 | NachoMontes · first_market_sell 100 stone |
| 25:12 | LVA - 厚塔色 · wall_segment Stone Wall x1 |
| 25:13 | LVA - 厚塔色 · wall_segment Stone Wall x1 |
| 25:27 | LVA - 厚塔色 · wall_segment Stone Wall x1 |
| 28:27 | LVA - 厚塔色 · first_building Siege Workshop |
| 31:41 | LVA - 厚塔色 · first_building Monastery |
| 34:19 | LVA - 厚塔色 · first_building Castle |
| 35:00 | LVA - 厚塔色 · age_up imperial |
| 35:06 | NachoMontes · resign |
[ AI ANALYSIS · 1 CREDIT ]
What really happened in this match?
Wolo.gg analyzes every decision: build order, eco, micro, common mistakes by bracket. Personalized analysis on WhatsApp or Discord in 30 seconds.
Civ guide
Mongols
Perfil
Jugador #309389